 Dungeon Crawl Stone Soup version 0.30-a0-782-ge64f9170bb (webtiles) character file.

Game seed: 16311685449248941583

16 Dirtsage the Conjurer (level 2, 16/22 HPs)
             Began as a Demonspawn Reaver on Mar 16, 2023.
             Quit the game on level 1 of the Dungeon.
             The game lasted 00:03:51 (686 turns).

Dirtsage the Conjurer (Demonspawn Reaver)            Turns: 686, Time: 00:03:51

Health: 16/22      AC:  3    Str: 12    XL:     2   Next: 41%
Magic:  5/5        EV: 11    Int: 14    God:
Gold:   47         SH:  0    Dex: 11    Spells: 4/5 levels left

rFire   . . .      SeeInvis .    (no weapon)
rCold   . . .      Faith    .    (no shield)
rNeg    . . .      Spirit   .    b - +0 leather armour
rPois   .          Reflect  .    (no helmet)
rElec   .          Harm     .    (no cloak)
rCorr   .          Rampage  .    (no gloves)
Will    .....                    (no boots)
Stlth   +                        (no amulet)
HPRegen 0.23/turn                (no ring)
MPRegen 0.09/turn                (no ring)

@: no status effects
A: claws 1
a: no special abilities


You were on level 1 of the Dungeon.
You visited 1 branch of the dungeon, and saw 1 of its levels.

You collected 47 gold pieces.

Inventory:

Armour
 b - a +0 leather armour (worn)
Scrolls
 a - a scroll of amnesia {unknown}
 c - a scroll of fear {unknown}
 e - a scroll of identify {unknown}
Potions
 d - a potion of might {unknown}
 f - a potion of curing {unknown}


   Skills:
 - Level 2.0 Fighting
 - Level 3.1 Axes
 - Level 1.7 Dodging
 * Level 0.6 Unarmed Combat
 - Level 2.0 Spellcasting
 + Level 3.2 Conjurations


You had 4 spell levels left.
You knew the following spells:

 Your Spells              Type           Power      Damage    Failure   Level
a - Kiss of Death         Conj/Necr      24%        2d7       16%         1

Your spell library contained the following spells:

 Spells                   Type           Power      Damage    Failure   Level
 Momentum Strike          Conj/Tloc      12%        3d8       24%         2
 Hailstorm                Conj/Ice       6%         3d4       43%         3


Dungeon Overview and Level Annotations

Branches:
Dungeon (1/15)

Altars:


Innate Abilities, Weirdness & Mutations

You have sharp fingernails.


Message History

You closely miss the rat. The rat bites you.
You take 2 damage, and have 20/22 hp.
You closely miss the bat. Your claw misses the bat.
The bat is heavily wounded.
The bat closely misses you. The rat bites you.
You take 2 damage, and have 18/22 hp.
You scratch the rat but do no damage. The rat bites you but does no damage.
The rat bites you.
You take 2 damage, and have 16/22 hp.
You scratch the rat.
You kill the rat!
The bat hits you but does no damage. The rat barely misses you.
You scratch the rat.
You kill the rat!
The bat hits you but does no damage. The bat hits you but does no damage.
You see here a rat corpse.
You closely miss the bat. The bat hits you.
You take 1 damage, and have 16/22 hp.
The bat hits you.
You scratch the bat.
The bat is heavily wounded.
The bat hits you but does no damage. The bat hits you.
You take 1 damage, and have 15/22 hp.
You are too injured to fight recklessly!
You are too injured to fight recklessly!
You are too injured to fight recklessly!
A bat is nearby!
A bat is nearby!
You are too injured to fight recklessly!
A bat is nearby!
You are too injured to fight recklessly!
You are too injured to fight recklessly!
You are too injured to fight recklessly!
Okay, then.
The bat closely misses you. The bat hits you but does no damage.
You see here a rat corpse.
Are you sure you want to abandon this character and quit the game? (Confirm with "yes".)

######## #......#
#......#.##
#....b.....
##.@....#.##
#..†........
#.###.###.### #.#
#.......####### #.#
#.###.#.#.....# #.#
#.....#.#.....# #.#
#.##..#.#.....# #.#
#.............#
#.###.........>...#


You could see a bat.

Vanquished Creatures
  4 endoplasms (D:1)
  A goblin (D:1)
  2 hobgoblins (D:1)
  A quokka (D:1)
  A ball python (D:1)
  A bat (D:1)
  A frilled lizard (D:1)
  A kobold (D:1)
  4 rats (D:1)
16 creatures vanquished.

Notes
Turn   | Place    | Note
-------+----------+-------------------------------------------
     0 | D:1      | Dirtsage the Demonspawn Reaver began the quest for the Orb.
     0 | D:1      | Reached XP level 1. HP: 16/16 MP: 3/3
   382 | D:1      | Gained mutation: You have sharp fingernails. [demonic
                  | ancestry]
   382 | D:1      | Reached XP level 2. HP: 14/21 MP: 5/5
   686 | D:1      | Quit the game

Illustrated notes

Levels and vault maps discovered:
D:1:      scummos_arrival_star, layout_loops_cross

Skill      XL: |  1 |
---------------+----+-----
Axes           | 3 |  3.1
Fighting       | |  2.0
Dodging        | |  1.7
Unarmed Combat | |  0.6
Spellcasting   | |  2.0
Conjurations   | |  3.2

Action                     || total
---------------------------++-------
  Melee: Hand axe          ||    32
         Unarmed           ||    33
   Cast: Kiss of Death     ||     1
 Armour: Leather armour    ||    24
  Dodge: Dodged            ||    36

Table legend: (Time is in decaauts)
 A = Elapsed time spent in this place.
 B = Non-inter-level travel time spent in this place.
 C = Inter-level travel time spent in this place.
 D = Time resting spent in this place.
 E = Time spent auto-exploring this place.
 F = Levels seen in this place.
 G = Mean time per level.
                   A        B        C        D        E       F      G
               +--------+--------+--------+--------+--------+-----+--------+
         Total |    690 |    690 |      0 |     75 |    476 |   1 |  690.0 |
       Dungeon |    690 |    690 |      0 |     75 |    476 |   1 |  690.0 |
               +--------+--------+--------+--------+--------+-----+--------+

Top non-repeatable levels by time:
     D:1: 690 daAuts
